 Dungeon Crawl Stone Soup version 0.20.1-1-g8b1a95d (console) character file.

1595 hilaritas the Archer (level 8, -1/70 HPs)
             Began as a Centaur Hunter on Dec 31, 2017.
             Was a Priest of Okawaru.
             Killed from afar by an orc wizard (4 damage)
             ... with a magic dart
             ... on level 6 of the Dungeon.
             The game lasted 00:20:17 (6899 turns).

hilaritas the Archer (Centaur Hunter)               Turns: 6899, Time: 00:20:18

Health: -1/70      AC:  7    Str: 15    XL:     8   Next: 62%
Magic:  10/10      EV: 11    Int: 10    God:    Okawaru [***...]
Gold:   333        SH:  0    Dex: 12    Spells: 7/7 levels left

rFire    . . .     SeeInvis .   a - +1 shortbow
rCold    . . .     Gourm    .   (shield currently unavailable)
rNeg     . . .     Faith    .   q - +0 ring mail
rPois    .         Spirit   .   (no helmet)
rElec    .         Reflect  .   (no cloak)
rCorr    .         Harm     .   l - +1 pair of gloves
MR       .....                  (no barding)
Stlth    ..........             (no amulet)
Regen    0.3/turn               y - +3 ring of evasion
MPRegen  0.2/turn               (no ring)

@: very quick
A: hooves 3, deformed body, speed 2, tough skin 3
a: Heroism, Renounce Religion


You were on level 6 of the Dungeon.
You worshipped Okawaru.
Okawaru was most pleased with you.
You were not hungry.

You visited 2 branches of the dungeon, and saw 7 of its levels.
You also visited: Sewer.

You collected 333 gold pieces.

Inventory:

Hand Weapons
 a - a +1 shortbow (weapon)
 b - a +0 short sword
 t - a +2 long sword of protection
Missiles
 d - 40 arrows (quivered)
Armour
 l - a +1 pair of gloves (worn)
 q - a +0 ring mail (worn)
Jewellery
 y - a +3 ring of evasion (left hand)
 D - an uncursed ring of fire
Scrolls
 p - 3 scrolls of fog
 r - 4 scrolls of remove curse
 u - a scroll of teleportation
 w - a scroll of amnesia
 C - a scroll of magic mapping
Potions
 c - 4 potions of brilliance {unknown}
 e - 2 potions of mutation
 g - a potion of cancellation {unknown}
 h - 12 potions of curing
 i - 5 potions of lignification
 j - a potion of ambrosia {unknown}
 m - 3 potions of flight
 o - a potion of magic {unknown}
 s - a potion of resistance {unknown}
 x - 5 potions of heal wounds {unknown}
 z - 3 potions of agility {unknown}
 B - 3 potions of haste {unknown}
Comestibles
 f - 9 bread rations
 k - 4 fruits
 n - 3 meat rations
 v - a royal jelly


   Skills:
 * Level 5.7 Fighting
 * Level 5.5 Long Blades
 - Level 10.0 Bows
 - Level 1.3 Dodging
 - Level 0.4 Stealth
 * Level 2.9 Invocations


You had 7 spell levels left.
You didn't know any spells.

Dungeon Overview and Level Annotations

Branches:
Dungeon (6/15)             Temple (1/1) D:4

Altars:
Ashenzari
Cheibriados
Elyvilon
Fedhas
Gozag
Hepliaklqana
Kikubaaqudgha
Makhleb
Nemelex Xobeh
Okawaru
Qazlal
Ru
Sif Muna
Trog
Uskayaw
Vehumet
Xom
Yredelemnul
Zin
The Shining One


Innate Abilities, Weirdness & Mutations

You have hooves in place of feet.
Armour fits poorly on your strangely shaped body.
You cover ground very quickly.
You have extremely tough skin. (AC +3)


Message History

The orc priest is moderately wounded.
The orc priest mumbles some strange prayers to Beogh against you.
Beogh smites you!
* * * LOW HITPOINT WARNING * * *
Unknown command.
Firing (i - inventory):
d - 42 arrows (quivered)
Press: ? - help, Shift-Dir - straight line, f/p - orc priest
Aim: an orc priest, wielding a whip (moderately wounded)
You shoot an arrow. The arrow hits the orc priest!
The orc priest is almost dead.
Firing (i - inventory):
d - 41 arrows (quivered)
Press: ? - help, Shift-Dir - straight line, f/p - orc priest
Aim: an orc priest, wielding a whip (almost dead)
You shoot an arrow. The arrow hits the orc priest.
You kill the orc priest!
Okawaru accepts your kill.
The orc throws a tomahawk.
The tomahawk closely misses you. The orc wizard casts a spell at you.
The magic dart hits you!
You die...

.((.. .....# ...#. .....# .#
...((##....# .# ..#.(((....## .#
.....o.(....# .# .......o......#
.# #.............# .#
#[.....#.?..)###.#
#.#.....(....@..>#
#.............##.#
##............(# .#
#.............## ..
##............## .#. #.# ..
.#.....##.##....# .#.. #.# .#
....#..........###.# ####.##.###
. #.................####.........
.##...#..........#.....#.........
.........##.###....##............
.........##.....#..##^...........


You could see an orc wizard and an orc.

Vanquished Creatures
  The ghost of Ymberto the Basher, a novice HuFi (D:6)
  Sigmund (D:6)
  A water moccasin (D:6)
  A sky beast (D:5)
  A big kobold (Sewer)
  A bullfrog zombie (D:5)
  A crimson imp (D:5)
  A hound (D:4)
  A centaur skeleton (D:4)
  2 orc priests
  An iguana (D:4)
  4 orc wizards
  Natasha (D:4)
  A hound skeleton (D:6)
  5 river rats
  6 adders
  An ooze (D:3)
  An adder skeleton (D:4)
  6 worms
  4 dart slugs
  7 leopard geckos
  16 orcs
  5 bats
  4 giant cockroaches
  8 goblins
  6 hobgoblins
  7 jackals
  21 kobolds
  A quokka (D:3)
  7 ball pythons (Sewer)
  2 frilled lizards
  A quokka skeleton (D:5)
  24 rats
150 creatures vanquished.

Vanquished Creatures (others)
  An orc wizard (D:4)
1 creature vanquished.

Grand Total: 151 creatures vanquished

Notes
Turn   | Place    | Note
-------+----------+-------------------------------------------
     0 | D:1      | hilaritas the Centaur Hunter began the quest for the Orb.
     0 | D:1      | Reached XP level 1. HP: 17/17 MP: 1/1
   416 | D:1      | Reached XP level 2. HP: 23/24 MP: 2/2
   430 | D:1      | Reached skill level 6 in Bows
   914 | D:2      | Reached XP level 3. HP: 29/29 MP: 3/3
  1360 | D:2      | Reached skill level 7 in Bows
  1702 | D:2      | Reached XP level 4. HP: 34/37 MP: 4/4
  2315 | D:3      | Reached XP level 5. HP: 44/44 MP: 5/5
  2427 | D:3      | Reached skill level 8 in Bows
  2822 | D:3      | Found a faded altar of an unknown god.
  3267 | D:4      | Reached skill level 9 in Bows
  3496 | D:4      | Reached XP level 6. HP: 51/51 MP: 6/6
  3836 | D:4      | Found a staircase to the Ecumenical Temple.
  3871 | Temple   | Entered the Ecumenical Temple
  3903 | Temple   | Became a worshipper of Warmaster Okawaru
  4246 | D:4      | Noticed Natasha
  4251 | D:4      | Killed Natasha
  4511 | D:5      | Entered Level 5 of the Dungeon
  4573 | D:5      | Reached skill level 10 in Bows
  4625 | D:5      | Found a glowing drain.
  4656 | D:5      | Reached XP level 7. HP: 49/58 MP: 7/7
  4669 | Sewer    | Entered a sewer
  5234 | Sewer    | Reached skill level 1 in Long Blades
  5291 | Sewer    | Reached skill level 1 in Invocations
  5984 | D:5      | Reached * piety under Okawaru
  6709 | D:6      | Noticed Sigmund
  6716 | D:6      | Killed Sigmund
  6716 | D:6      | Reached XP level 8. HP: 67/67 MP: 9/9
  6792 | D:6      | Noticed Ymberto's ghost (novice HuFi)
  6842 | D:6      | Killed Ymberto's ghost
  6842 | D:6      | Reached ** piety under Okawaru
  6842 | D:6      | Reached *** piety under Okawaru
  6842 | D:6      | Reached skill level 5 in Fighting
  6842 | D:6      | Reached skill level 5 in Long Blades
  6897 | D:6      | HP: 3/70 [orc priest/divine providence (15)]
  6899 | D:6      | Killed from afar by an orc wizard

Skill      XL: |  1  2  3  4  5  6  7  8 |
---------------+-------------------------+-----
Bows           | 6 7 9 10 | 10.0
Fighting       | 3 4 5 |  5.7
Long Blades    | 3 5 |  5.5
Invocations    | 2 |  2.9
Dodging        | |  1.3
Stealth        | |  0.4

Action                   |  1- 3 |  4- 6 |  7- 9 || total
-------------------------+-------+-------+-------++-------
Melee: Short sword       |    56 |    14 |       ||    70
       Kick              |     8 |    13 |    38 ||    59
       Falchion          |       |    30 |       ||    30
       Long sword        |       |    20 |   159 ||   179
 Fire: Shortbow          |    65 |   150 |    59 ||   274
Invok: Heroism           |       |       |     1 ||     1
  Use: Scroll            |     5 |    11 |     2 ||    18
       Potion            |       |       |     1 ||     1
  Eat: Chunk             |     1 |     7 |     6 ||    14
       Fruit             |       |       |     1 ||     1
Armor: Leather armour    |    38 |     5 |       ||    43
       Ring mail         |       |    30 |   113 ||   143
       Skin              |       |       |     2 ||     2
Dodge: Dodged            |    32 |    32 |    94 ||   158
       Rpst.: Falchion   |       |     4 |       ||     4
       Long sword        |       |     2 |    28 ||    30
